Map: Frost LE

Players

Hydra

  • Race: Zerg Zerg

Neeb - Winner!

  • Race: Protoss Protoss
  • League: Diamond

Event: IEM Season 11 - Shanghai

VOD

Have the link to the VOD?

Description

Time

  • Played on: July 29, 2016, 5:45 a.m.
  • Length: 6:34

All games in this series

Show
View Real Time Build Order
Export as new Build Order

Hydra Zerg 

Build Orders: Hatch First 

Get SALT Encoding   

  12  0:00  Drone  
  13  0:12  Overlord  
  13  0:17  Drone  
  14  0:31  Drone x2  
  14  0:35  Drone  
  17  0:51  Hatchery  
  17  0:54  Drone  
  17  0:57  Drone  
  18  1:05  Extractor  
  17  1:13  Spawning Pool  
  17  1:16  Drone  
  17  1:19  Drone  
  18  1:28  Drone  
  19  1:39  Drone  
  20  1:47  Hatchery  
  19  2:02  Queen  
  19  2:03  Zergling x2  
  19  2:08  Metabolic Boost  
  22  2:11  Drone  
  22  2:13  Drone  
  24  2:16  Drone  
  24  2:21  Overlord  
  25  2:25  Drone  
  25  2:29  Drone  
  27  2:33  Drone  
  28  2:39  Queen  
  28  2:42  Drone  
  28  2:43  Drone  
  32  2:50  Queen  
  34  2:54  Drone  
  34  2:55  Drone  
  36  2:59  Drone  
  37  3:06  Zergling x2  
  37  3:07  Zergling x2  
  37  3:09  Overlord  
  37  3:10  Drone  
  37  3:12  Drone  
  40  3:15  Queen  
  42  3:20  Overlord  
  42  3:29  Drone x4  
  42  3:30  Drone  
  42  3:31  Drone x2  
  49  3:39  Overlord  
  49  3:42  Drone  
  49  3:46  Lair  
  49  3:47  Drone x3  
  53  3:48  Drone  
  53  3:50  Drone  
  53  3:54  Overlord  
  55  3:57  Extractor  
  55  3:59  Drone  
  55  4:01  Extractor  
  54  4:03  Drone x2, Spore Crawler  
  54  4:09  Drone  
  55  4:10  Spine Crawler  
  55  4:15  Extractor  
  55  4:16  Drone x3  
  55  4:17  Drone  
  55  4:19  Drone x2  
  55  4:20  Zergling x4  
  60  4:26  Drone x2  
  60  4:27  Drone, Zergling x4  
  60  4:31  Zergling x6  
  68  4:33  Zergling x2  
  68  4:37  Overlord  
  69  4:40  Zergling x2  
  69  4:43  Zergling x2  
  69  4:44  Hydralisk Den  
  70  4:49  Zergling x2  
  70  4:50  Zergling x2  
  70  4:51  Zergling x4  
  70  4:52  Overlord  
  74  4:59  Zergling x8  
  77  5:04  Drone  
  77  5:06  Drone  
  75  5:10  Drone  
  75  5:11  Drone x2  
  75  5:12  Drone x2  
  76  5:18  Hydralisk x2  
  76  5:19  Hydralisk x2  
  84  5:22  Hydralisk  
  84  5:23  Hydralisk  
  87  5:32  Hydralisk x3  
  82  5:36  Zergling x6  
  77  5:45  Zergling x4  
  77  5:49  Zergling x6  
  73  5:56  Hydralisk x2  
  58  6:07  Hydralisk x3  
Show
View Real Time Build Order
Export as new Build Order

Neeb Protoss - Winner!

Build Orders: Nexus First 

Get SALT Encoding   

  12  0:00  Probe (Chrono Boost)  
  13  0:11  Probe (Chrono Boost)  
  14  0:17  Pylon  
  14  0:22  Probe (Chrono Boost)  
  15  0:35  Probe (Chrono Boost)  
  16  0:46  Probe (Chrono Boost)  
  17  0:57  Nexus  
  17  1:01  Probe (Chrono Boost)  
  18  1:11  Gateway  
  18  1:14  Probe (Chrono Boost)  
  19  1:19  Assimilator  
  19  1:24  Probe (Chrono Boost)  
  20  1:27  Assimilator  
  20  1:35  Probe (Chrono Boost)  
  21  1:41  Gateway  
  21  1:45  Probe (Chrono Boost)  
  22  1:56  Probe (Chrono Boost)  
  22  1:57  Cybernetics Core  
  23  2:09  Probe x2 (Chrono Boost)  
  25  2:20  Probe x2 (Chrono Boost)  
  27  2:27  Warp Gate  
  27  2:30  Adept, Stalker  
  27  2:31  Probe x2 (Chrono Boost)  
  33  2:39  Pylon  
  33  2:43  Probe (Chrono Boost)  
  35  2:44  Probe (Chrono Boost)  
  35  2:55  Probe (Chrono Boost)  
  35  2:56  Probe (Chrono Boost)  
  37  3:06  Twilight Council  
  37  3:07  Probe (Chrono Boost)  
  37  3:08  Probe (Chrono Boost)  
  39  3:18  Probe x2 (Chrono Boost), Pylon  
  41  3:22  Adept x2  
  45  3:28  Probe (Chrono Boost)  
  45  3:29  Resonating Glaives  
  45  3:32  Robotics Facility  
  46  3:41  Gateway  
  46  3:42  Gateway  
  46  3:47  Pylon  
  46  3:53  Gateway  
  46  3:57  Gateway  
  46  4:00  Gateway  
  46  4:05  Gateway  
  46  4:16  Warp Prism  
  46  4:20  Pylon  
  46  4:23  Pylon  
  48  4:36  Adept  
  48  4:37  Adept x3, Pylon  
  56  4:50  Pylon  
  52  5:13  Adept x3  
  52  5:14  Adept x5  
  60  5:15  Warp Prism  
  60  5:18  Pylon  
  66  5:44  Adept x7  
  66  5:48  Adept  
  64  6:12  Adept x5  
  64  6:13  Adept x3  

Tags
 
Add a new tag
Caveats
  • Supply blocks, unpowered buildings, or Contaminate may cause inaccurate times.
  • Supply counts are checked every 10 seconds.